 Dungeon Crawl Stone Soup version 0.20-a0-785-g17250f0 (webtiles) character file.

219730 dvd the Unseen (level 19, -1/86 HPs)
             Began as a Vine Stalker Enchanter on Feb 24, 2017.
             Was the Champion of Dithmenos.
             Shot with a bolt by a yaktaur captain (11 damage)
             ... on level 1 of the Vaults on Feb 27, 2017.
             The game lasted 05:01:47 (41000 turns).

dvd the Unseen (Vine Stalker Enchanter)            Turns: 41000, Time: 05:01:48

Health: -1/86      AC: 14    Str: 18    XL:     19   Next: 15%
Magic:  0/56       EV: 21    Int: 21    God:    Dithmenos [******]
Gold:   1452       SH: 11    Dex: 37    Spells: 9/47 levels left

rFire    x . .     SeeInvis .   R - +5 demon whip of the Tired Deaths {drain, MP+9 Dex+7}
rCold    + . .     Gourm    .   r - +2 robe {Archmagi}
rNeg     + . .     Faith    .   Y - +3 buckler "Cuzxool" {rF- rC+ Str+3 Dex+4}
rPois    .         Spirit   +   Z - +2 hat "Plog" {rCorr Str+2}
rElec    .         Reflect  .   U - +0 cloak of Grace {rN+ Str+3 Stlth-}
rCorr    +         Harm     .   g - +2 pair of gloves
MR       ++...                  v - +1 pair of boots
Stlth    ++++++++++             M - amulet of rage
Regen    2.1/turn               I - ring of magical power
MPRegen  0.4/turn               L - +6 ring of dexterity

@: about to teleport, regenerating, wreathed by umbra
A: fangs 3, repulsion field 1, thin metallic scales 1, agile 2, blink, mutation
resistance 1, regeneration 2, weak 1, magic shield, antimagic bite, no potion
heal 3, rot immunity
}: 1/15 runes: gossamer
a: Blink, Shadow Step, Shadow Form, Renounce Religion, Evoke Berserk Rage


You were on level 1 of the Vaults.
You worshipped Dithmenos.
Dithmenos was exalted by your worship.
You were hungry.

You visited 7 branches of the dungeon, and saw 31 of its levels.

You collected 2671 gold pieces.
You spent 1219 gold pieces at shops.

Inventory:

Hand Weapons
 a - a +5 dagger of speed
 b - the +3 Elemental Staff {rElec rF++ rC++ MR++ AC+5}
   (You bought it in a shop on level 2 of the Orcish Mines)

   It affects your AC (+5).
   It greatly protects you from fire.
   It greatly protects you from cold.
   It insulates you from electricity.
   It affects your resistance to hostile enchantments.
 c - the +8 quarterstaff "Mohuzag" {protect, Int+4}
   (You found it on level 15 of the Dungeon)

   It protects the one who uses it against injury (+AC on strike).
   It affects your intelligence (+4).
 R - the +5 demon whip of the Tired Deaths (weapon) {drain, MP+9 Dex+7}
   (You found it on level 1 of the Vaults)

   A truly terrible weapon, it drains the life of those it strikes.
   It affects your dexterity (+7).
   It affects your magic capacity (+9).
 T - the +9 spear "Jellybane" {vamp, Int+7}
   (You found it on level 2 of the Spider Nest)

   It inflicts no extra harm, but heals its wielder when it wounds a living foe.
   It affects your intelligence (+7).
Armour
 g - a +2 pair of gloves (worn)
 r - a +2 robe of the Archmagi (worn)
 v - a +1 pair of boots (worn)
 U - the +0 cloak of Grace (worn) {rN+ Str+3 Stlth-}
   (You found it on level 6 of the Lair of Beasts)

   It affects your strength (+3).
   It protects you from negative energy.
   It makes you less stealthy.
 Y - the +3 buckler "Cuzxool" (worn) {rF- rC+ Str+3 Dex+4}
   (You acquired it on level 2 of the Elven Halls)

   It affects your strength (+3).
   It affects your dexterity (+4).
   It makes you vulnerable to fire.
   It protects you from cold.
 Z - the +2 hat "Plog" (worn) {rCorr Str+2}
   (You found it on level 13 of the Dungeon)

   It affects your strength (+2).
   It protects you from acid and corrosion.
Jewellery
 f - an uncursed ring of protection from fire
 o - an uncursed ring of flight
 I - a ring of magical power (right hand)
 L - a +6 ring of dexterity (left hand)
 M - an amulet of rage (around neck)
 V - an uncursed ring of see invisible
Wands
 D - a wand of iceblast (3/15)
 F - a wand of digging (23/24)
 J - a wand of enslavement (18/24)
 O - a wand of confusion (29/48)
 S - a wand of scattershot (6/9)
 W - a wand of paralysis (11/24)
Scrolls
 e - a scroll of teleportation
 i - 2 scrolls of magic mapping
 k - 19 scrolls of identify
 l - 8 scrolls of remove curse
 n - 2 scrolls of fear
 u - a scroll of blinking
 y - 3 scrolls of silence
Potions
 h - 4 potions of haste
 m - 8 potions of flight
 p - 4 potions of brilliance
 t - 2 potions of might
 w - a potion of ambrosia
 E - 12 potions of curing
 H - 5 potions of agility
 Q - 3 potions of berserk rage
Books
 j - a book of Party Tricks

   Spells                             Type                      Level
   a - Summon Butterflies             Summoning                    1
   b - Apportation                    Translocation                1
   c - Lesser Beckoning               Translocation                3
   d - Tukima's Dance                 Hexes                        3
   e - Alistair's Intoxication        Transmutation/Poison         5
   f - Invisibility                   Hexes                        6
 s - a book of Geomancy

   Spells                             Type                      Level
   a - Sandblast                      Earth                        1
   b - Passwall                       Transmutation/Earth          2
   c - Stone Arrow                    Conjuration/Earth            3
   d - Petrify                        Transmutation/Earth          4
   e - Lee's Rapid Deconstruction     Earth                        5
 A - a book of Spatial Translocations

   Spells                             Type                      Level
   a - Blink                          Translocation                2
   b - Shroud of Golubria             Charms/Translocation         2
   c - Lesser Beckoning               Translocation                3
   d - Gell's Gravitas                Translocation                3
   e - Teleport Other                 Translocation                3
   f - Passage of Golubria            Translocation                4
 C - a book of Misfortune

   Spells                             Type                      Level
   a - Confusing Touch                Hexes                        1
   b - Confuse                        Hexes                        3
   c - Gell's Gravitas                Translocation                3
   d - Petrify                        Transmutation/Earth          4
   e - Metabolic Englaciation         Hexes/Ice                    5
   f - Yara's Violent Unravelling     Hexes/Transmutation          5
 N - the Compendium of Darkness
   (You found it on level 1 of the Elven Halls)

   Spells                             Type                      Level
   a - Animate Skeleton               Necromancy                   1
   b - Pain                           Necromancy                   1
   c - Animate Dead                   Necromancy                   4
   d - Control Undead                 Necromancy                   4
   e - Death Channel                  Necromancy                   6
 P - a book of Changes

   Spells                             Type                      Level
   a - Beastly Appendage              Transmutation                1
   b - Sticks to Snakes               Transmutation                2
   c - Spider Form                    Transmutation/Poison         3
   d - Ice Form                       Ice/Transmutation            4
   e - Blade Hands                    Transmutation                5
 X - a book of Necromancy

   Spells                             Type                      Level
   a - Pain                           Necromancy                   1
   b - Animate Skeleton               Necromancy                   1
   c - Vampiric Draining              Necromancy                   3
   d - Regeneration                   Charms/Necromancy            3
   e - Animate Dead                   Necromancy                   4
   f - Control Undead                 Necromancy                   4
Comestibles
 d - 18 bread rations
 q - 18 meat rations
 x - 11 royal jellies
 z - 19 fruits
 K - 10 chunks of flesh


   Skills:
 + Level 4.5 Fighting
 + Level 7.8 Short Blades
 + Level 2.1(5.6) Maces & Flails
 + Level 8.2(8.4) Staves
 + Level 1.0 Armour
 + Level 5.6 Dodging
 + Level 19.9 Stealth
 + Level 4.6 Shields
 + Level 14.9 Spellcasting
 * Level 9.2 Conjurations
 + Level 14.0 Hexes
 + Level 7.5 Charms
 + Level 5.2 Necromancy
 + Level 0.2 Translocations
 + Level 1.2 Transmutations
 + Level 8.9 Ice Magic
 + Level 0.6 Invocations
 * Level 3.8 Evocations


You had 9 spell levels left.
You knew the following spells:

 Your Spells              Type           Power        Failure   Level  Hunger
b - Ensorcelled Hibernat  Hex/Ice        ######       1%          2    None
c - Confuse               Hex            #######.     1%          3    None
d - Dazzling Spray        Conj/Hex       ######       1%          3    None
e - Tukima's Dance        Hex            #######.     1%          3    None
f - Metabolic Englaciati  Hex/Ice        #######...   1%          5    ###....
g - Yara's Violent Unrav  Hex/Tmut       ######....   6%          5    ###....
h - Regeneration          Chrm/Necr      ######....   1%          3    None
i - Iskenderun's Battles  Conj/Chrm      ######..     3%          5    ###....
j - Bolt of Draining      Conj/Necr      ######....   8%          5    ###....
k - Blink                 Tloc           N/A          8%          2    None
l - Shroud of Golubria    Chrm/Tloc      #####.....   1%          2    None


Dungeon Overview and Level Annotations

Branches:
Dungeon (15/15)            Temple (1/1) D:7            Lair (6/6) D:10
  Swamp (0/4) Lair:4       Spider (4/4) Lair:2        Slime (0/5) Lair:5
    Orc (2/2) D:9             Elf (2/3) Orc:2        Vaults (1/5) D:14
 Depths (0/5) D:15

Altars:
Ashenzari
Cheibriados
Dithmenos
Elyvilon
Fedhas
Gozag
Hepliaklqana
Kikubaaqudgha
Makhleb
Nemelex Xobeh
Okawaru
Qazlal
Ru
Sif Muna
Trog
Uskayaw
Vehumet
Wu Jian
Xom
Yredelemnul
Zin
The Shining One
Jiyva

Shops:
D:10 [   D:13 %   D:14 %(*=*   Orc:2 [}:!*

Annotations:
D:6 exclusion: oklob plant


Innate Abilities, Weirdness & Mutations

You have razor-sharp teeth.
You heal very quickly.
When hurt, damage is shared between your health and your magic reserves.
Your bite disrupts and absorbs the magic of your enemies.
Potions cannot restore your health.
You are immune to rotting.
You are surrounded by a mild repulsion field. (EV +2)
You are partially covered in thin metallic scales. (AC +2)
You are very agile. (Dex +4)
You can translocate small distances at will.
You are somewhat resistant to further mutation.
You are weak. (Str -2)


Message History

The ghoul claws you!! The ghoul completely misses you.
You see here a bolt.
Your skin is crawling a little less now.
The ghoul claws you!! x2
The death knight offers itself to Yredelemnul, and fills with unholy energy.
Casting: Regeneration
Confirm with . or Enter, or press ? or * to list all spells.
You feel a surge of power!
Your skin crawls.
The ghoul claws you!
* * * LOW HITPOINT WARNING * * *
You emit a cloud of dark smoke.
The ghoul barely misses you.
The yaktaur captain shoots a bolt.
The bolt completely misses you.
You see here a bolt.
The ghoul claws you!
* * * LOW HITPOINT WARNING * * *
The ghoul claws you!!
* * * LOW HITPOINT WARNING * * *
As you read the scroll of teleportation, it crumbles to dust.
You feel strangely unstable.
The yaktaur captain shoots a bolt.
The bolt hits you!
You die...

.............
....................#
............c.......#
#.(.................#
#...................#
#...................#
#...(...............#
#.....(.......§§§...#
#....########§§§@...#
#.(W.#......#§p§§§..#
#....#......#n§§.§..#
#....'......#§§§§§..#
#....#......#.......#
#...c#......#p......#
#....#......#......(#
#....#......#c..W...#
#...p#...)..#.......#


You could see a death knight and a yaktaur captain.

Vanquished Creatures
  Saint Roka (Vaults:1)
  Arachne (Spider:2)
  Frances (Spider:2)
  5 ghost moths
  2 vault wardens (Vaults:1)
  An orc warlord (D:9)
  6 emperor scorpions
  2 ironheart preservers (Vaults:1)
  2 entropy weavers
  A dire elephant (Lair:4)
  A deep elf demonologist (Elf:1)
  Azrael (D:13)
  A spark wasp (Spider:4)
  2 deep elf death magi (Elf:1)
  The ghost of murphy the Covert, a journeyman NaVM of Wu Jian (D:11)
  A great orb of eyes (Vaults:1)
  A fire dragon (Vaults:1)
  A rakshasa (D:15)
  Harold (D:10)
  3 yaktaur captains
  2 ice dragons (Vaults:1)
  Erolcha (Orc:1)
  A vault guard (D:14)
  An ogre mage (Vaults:1)
  Fannar (D:11)
  10 hydras
  Erica (D:10)
  4 centaur warriors
  A two-headed ogre (Vaults:1)
  13 dancing weapons
  5 death yaks
  2 orc high priests (Orc:2)
  9 deep elf knights
  3 skeletal warriors
  2 unseen horrors
  The ghost of Kareekexe the Zephyrmancer, a novice TeAE of Vehumet (D:8)
  10 deep elf archers
  A wizard (Vaults:1)
  27 orb spiders
  A necromancer (Elf:1)
  3 orc knights
  4 oklob plants (Lair:1)
  38 deep elf magi
  A wolf spider zombie (D:14)
  3 manticores
  2 ugly things
  29 wolf spiders
  8 orc sorcerers
  8 cyclopes
  A moth of wrath (Spider:3)
  3 black mambas
  24 elephants
  Maurice (D:11)
  21 spiny frogs
  2 torpor snails
  2 centaur skeletons
  4 gargoyles
  6 yaktaurs (Vaults:1)
  10 rime drakes
  7 komodo dragons
  A kobold demonologist (D:15)
  5 tyrant leeches
  12 demonic crawlers
  43 jumping spiders
  10 trolls
  5 slime creatures (D:15)
  9 hornets
  16 blink frogs
  9 hippogriffs
  A tarantella (shapeshifter) (Vaults:1)
  84 redbacks
  An air elemental (Elf:1)
  A shadow (D:13)
  36 tarantellas
  3 wyverns
  A spriggan (Lair:4)
  4 wraiths
  5 basilisks
  35 yaks
  17 humans
  A large abomination (Elf:1)
  A water elemental (Elf:1)
  4 hogs (D:7)
  Grum (D:10)
  4 fire elementals
  3 hungry ghosts
  6 vampire mosquitoes (Lair:6)
  6 wargs
  A soldier ant (D:11)
  2 acid dragons
  17 water moccasins
  9 porcupines
  2 hell hounds (D:13)
  An eye of draining (D:15)
  7 sky beasts
  31 orc warriors
  A swamp drake (D:9)
  4 phantoms
  4 ice beasts
  7 ogres
  14 wolves
  9 centaurs
  21 crocodiles
  A big kobold (D:10)
  2 elf zombies (Elf:1)
  26 bullfrogs
  2 earth elementals
  2 wyvern skeletons (D:14)
  4 scorpions
  4 wights
  5 howler monkeys
  4 electric eels
  11 crimson imps
  4 centaur zombies
  2 bullfrog zombies
  3 bullfrog skeletons
  9 hounds
  10 jellies
  The ghost of dvd the Sneak, a weakling VSEn (D:3)
  A quasit (D:12)
  24 orc priests
  26 orc wizards
  Jessica (D:2)
  13 worker ants
  8 iguanas
  A worker ant zombie (D:11)
  11 adders
  2 shadow imps
  2 oozes (Lair:5)
  An adder zombie (D:5)
  2 worms (D:4)
  11 dart slugs
  3 leopard geckos
  90 orcs
  3 giant cockroaches
  11 goblins
  8 hobgoblins
  17 jackals
  7 quokkas
  5 bats
  3 frilled lizards
  A jackal skeleton (D:5)
  18 kobolds
  A leopard gecko zombie (D:5)
  A quokka skeleton (D:8)
  16 rats
  A butterfly (Lair:1)
  3 fungi
  5 plants (Lair:1)
1148 creatures vanquished.

Vanquished Creatures (collateral kills)
  2 vault guards (D:14)
  A centaur warrior (D:15)
  4 two-headed ogres
  3 deep elf knights
  2 orc high priests
  2 skeletal warriors (D:15)
  An unseen horror (shapeshifter) (Vaults:1)
  A deep elf archer (Elf:1)
  A wizard (D:14)
  2 necromancers (D:14)
  3 orc knights
  11 deep elf magi
  An orc sorcerer (Orc:2)
  A jumping spider (Spider:1)
  Sigmund (D:4)
  3 humans (D:14)
  A warg (Vaults:1)
  9 orc warriors
  5 ogres
  A big kobold (D:13)
  3 wights
  6 orc priests
  5 orc wizards
  A gnoll (D:7)
  34 orcs
  A kobold (D:13)
105 creatures vanquished.

Vanquished Creatures (others)
  A wizard (D:6)
  27 dancing weapons
  An orc warrior (Orc:2)
  An orc wizard (D:12)
  A kobold (D:15)
  A bush (Lair:6)
  73 fungi
  64 plants
169 creatures vanquished.

Grand Total: 1422 creatures vanquished

Notes
Turn   | Place    | Note
-------+----------+-------------------------------------------
     0 | D:1      | dvd the Vine Stalker Enchanter began the quest for the Orb.
     0 | D:1      | Reached XP level 1. HP: 9/9 MP: 4/4
   245 | D:1      | Reached XP level 2. HP: 12/13 MP: 1/6
   251 | D:1      | Learned a level 2 spell: Ensorcelled Hibernation
   848 | D:1      | Reached XP level 3. HP: 11/16 MP: 7/7
  1044 | D:1      | Reached skill level 1 in Short Blades
  1126 | D:1      | Reached skill level 1 in Ice Magic
  1139 | D:1      | Reached skill level 4 in Stealth
  1311 | D:2      | Found a shattered altar of Ashenzari.
  1325 | D:2      | Noticed Jessica
  1329 | D:2      | Killed Jessica
  1329 | D:2      | Gained mutation: Your natural rate of healing is unusually fast. [Vine Stalker growth]
  1329 | D:2      | Reached XP level 4. HP: 6/21 MP: 0/9
  1334 | D:2      | Found a shadowy altar of Dithmenos.
  1471 | D:2      | Learned a level 3 spell: Confuse
  1496 | D:2      | Became a worshipper of Dithmenos the Shadowed
  1618 | D:2      | Found an iron altar of Okawaru.
  1857 | D:3      | Noticed dvd's ghost (weakling VSEn)
  1868 | D:3      | Killed dvd's ghost
  1868 | D:3      | Reached XP level 5. HP: 22/24 MP: 10/10
  2244 | D:3      | Found a stormy altar of Qazlal.
  2276 | D:3      | Reached skill level 5 in Stealth
  2624 | D:3      | Found a faded altar of an unknown god.
  2727 | D:4      | Reached * piety under Dithmenos
  2727 | D:4      | Reached XP level 6. HP: 28/28 MP: 10/12
  2732 | D:4      | Learned a level 3 spell: Dazzling Spray
  2736 | D:4      | Learned a level 3 spell: Tukima's Dance
  2878 | D:4      | Noticed Sigmund
  3340 | D:4      | Killed Sigmund
  3340 | D:4      | Reached XP level 7. HP: 32/32 MP: 12/14
  3362 | D:4      | Reached skill level 1 in Fighting
  3362 | D:4      | Reached skill level 6 in Stealth
  3818 | D:5      | Entered Level 5 of the Dungeon
  3890 | D:5      | Reached ** piety under Dithmenos
  3938 | D:5      | Gained mutation: You have razor-sharp teeth. [Vine Stalker growth]
  3938 | D:5      | Reached XP level 8. HP: 32/37 MP: 11/15
  3953 | D:5      | Reached skill level 5 in Hexes
  3996 | D:5      | Found a sparkling altar of Nemelex Xobeh.
  4222 | D:5      | Reached skill level 7 in Stealth
  4881 | D:6      | Reached skill level 5 in Spellcasting
  4993 | D:6      | Reached *** piety under Dithmenos
  5102 | D:6      | Found a white marble altar of Elyvilon.
  5102 | D:6      | Found a glowing silver altar of Zin.
  5103 | D:6      | Found a glowing golden altar of the Shining One.
  5397 | D:6      | Found a bloodstained altar of Trog.
  5398 | D:6      | Noticed a wizard
  5404 | D:6      | Killed a wizard
  5503 | D:6      | Found a blossoming altar of Fedhas.
  5527 | D:6      | Noticed an oklob plant
  5677 | D:6      | Reached XP level 9. HP: 41/42 MP: 17/17
  5867 | D:7      | Found an iron altar of Okawaru.
  5896 | D:7      | Found a staircase to the Ecumenical Temple.
  5905 | Temple   | Entered the Ecumenical Temple
  6160 | D:7      | Reached skill level 8 in Stealth
  6358 | D:7      | Found a deep blue altar of Sif Muna.
  6408 | D:7      | Found a burning altar of Makhleb.
  6839 | D:7      | Reached skill level 9 in Stealth
  6978 | D:8      | Reached skill level 5 in Short Blades
  7000 | D:8      | Reached XP level 10. HP: 46/46 MP: 21/21
  7007 | D:8      | Noticed Kareekexe's ghost (novice TeAE)
  7147 | D:8      | Reached **** piety under Dithmenos
  7565 | D:8      | Killed Kareekexe's ghost
  7635 | D:8      | Reached skill level 10 in Stealth
  7937 | D:8      | Found a hide-covered altar of Uskayaw.
  8094 | D:9      | Found an ancient bone altar of Kikubaaqudgha.
  8387 | D:9      | Found a staircase to the Orcish Mines.
  8393 | D:9      | Reached ***** piety under Dithmenos
  8545 | D:9      | Reached skill level 5 in Ice Magic
  9070 | D:10     | Entered Level 10 of the Dungeon
  9093 | D:10     | Reached XP level 11. HP: 25/50 MP: 14/24
  9161 | D:10     | Reached skill level 11 in Stealth
  9218 | D:10     | Reached skill level 1 in Conjurations
  9343 | D:10     | Learned a level 5 spell: Metabolic Englaciation
  9343 | D:10     | Found Vuen's Armour Emporium.
  9369 | D:10     | Noticed Erica
  9380 | D:10     | Reached skill level 1 in Maces & Flails
  9458 | D:10     | Noticed Grum
  9506 | D:10     | Killed Erica
  9604 | D:10     | Killed Grum
  9941 | D:10     | Noticed Harold
  9944 | D:10     | Killed Harold
 10012 | D:10     | Found a staircase to the Lair.
 10040 | Lair:1   | Entered Level 1 of the Lair of Beasts
 10140 | Lair:1   | Gained mutation: You are surrounded by a mild repulsion field. (EV +2) [potion of mutation]
 10140 | Lair:1   | Gained mutation: Your body sometimes deteriorates upon taking damage. [potion of mutation]
 10140 | Lair:1   | Gained mutation: Your spells are a little harder to cast, but a little more powerful. [potion of mutation]
 10292 | Lair:1   | Reached skill level 12 in Stealth
 10741 | Lair:1   | Noticed an oklob plant
 10741 | Lair:1   | Noticed an oklob plant
 10741 | Lair:1   | Noticed an oklob plant
 11014 | Lair:1   | Gained mutation: You heal very quickly. [Vine Stalker growth]
 11014 | Lair:1   | Reached XP level 12. HP: 56/56 MP: 26/26
 11091 | Lair:2   | Reached skill level 13 in Stealth
 11514 | Lair:2   | Found a hole to the Spider Nest.
 11974 | Lair:3   | Reached skill level 14 in Stealth
 11985 | Lair:3   | Reached skill level 10 in Spellcasting
 12053 | Lair:3   | Found a frozen archway.
 12634 | Lair:3   | Upgraded the game from 0.20-a0-739-g6bb112f to 0.20-a0-754-g13ddd6e
 12651 | Lair:4   | Noticed a seven-headed hydra
 12652 | Lair:4   | Killed a seven-headed hydra
 12785 | Lair:4   | Reached skill level 15 in Stealth
 12822 | Lair:4   | Noticed an eight-headed hydra
 12826 | Lair:4   | Killed an eight-headed hydra
 12826 | Lair:4   | Reached XP level 13. HP: 60/60 MP: 23/28
 13085 | Lair:4   | Reached ****** piety under Dithmenos
 13116 | Lair:4   | Reached skill level 10 in Hexes
 13223 | Lair:4   | Found a staircase to the Swamp.
 13361 | Lair:4   | Reached skill level 16 in Stealth
 13450 | Lair:4   | Noticed a dire elephant
 14498 | Lair:5   | Found a staircase to the Slime Pits.
 15274 | Lair:6   | Entered Level 6 of the Lair of Beasts
 15765 | Lair:6   | Reached XP level 14. HP: 65/65 MP: 11/30
 15881 | Lair:6   | Reached skill level 17 in Stealth
 16961 | Lair:4   | Killed a dire elephant
 17491 | Orc:1    | Entered Level 1 of the Orcish Mines
 17638 | Orc:1    | Noticed Erolcha
 18005 | Orc:1    | Killed Erolcha
 18462 | Orc:2    | Entered Level 2 of the Orcish Mines
 18554 | Orc:2    | Noticed an orc warlord
 18818 | Orc:2    | Found Liadez's Antique Armour Shop.
 19109 | Orc:2    | Bought a runed buckler for 270 gold pieces
 19471 | Orc:2    | Found a staircase to the Elven Halls.
 19584 | D:9      | Killed an orc warlord
 20027 | Orc:2    | Reached skill level 1 in Armour
 20628 | Orc:2    | Reached XP level 15. HP: 70/70 MP: 25/32
 20896 | Orc:2    | Found Ygiwkil's Book Shoppe.
 20896 | Orc:2    | Found Diciz's Gadget Shoppe.
 20897 | Orc:2    | Found Ogibidyo's General Store.
 20897 | Orc:2    | Found Pagg's Distillery.
 20914 | Orc:2    | Bought the +3 Elemental Staff {rElec rF++ rC++ MR++ AC+5} for 949 gold pieces
 21213 | D:11     | Gained mutation: Your spells are harder to cast, but more powerful. [mutagenic meat]
 21214 | D:11     | Gained mutation: Your body often deteriorates upon taking damage. [mutagenic meat]
 21215 | D:11     | Gained mutation: You have sharp fingernails. [mutagenic meat]
 21216 | D:11     | Gained mutation: You occasionally shout uncontrollably at your foes. [mutagenic meat]
 21217 | D:11     | Gained mutation: You are clumsy. (Dex -2) [mutagenic meat]
 21285 | D:11     | Reached skill level 1 in Staves
 21531 | D:11     | Noticed Fannar
 21572 | D:11     | Noticed murphy's ghost (journeyman NaVM)
 21740 | D:11     | Killed Fannar
 21995 | D:11     | Killed murphy's ghost
 21997 | D:11     | Reached skill level 1 in Evocations
 22010 | D:11     | Noticed Maurice
 22030 | D:11     | Killed Maurice
 22510 | D:12     | Learned a level 5 spell: Yara's Violent Unravelling
 23086 | Lair:6   | Reached skill level 1 in Shields
 23250 | Lair:6   | Got a shimmering cloak
 23251 | Lair:6   | Identified the Collected Works on the Voyage and Confrontation
 23274 | Lair:6   | Identified the cursed +0 cloak of Grace {rN+ Str+3 Stlth-} (You found it on level 6 of the Lair of Beasts)
 23725 | Lair:6   | Reached skill level 18 in Stealth
 24647 | Lair:1   | Lost mutation: Your body often deteriorates upon taking damage. [potion of mutation]
 24647 | Lair:1   | Lost mutation: You are clumsy. (Dex -2) [potion of mutation]
 24647 | Lair:1   | Lost mutation: Your body sometimes deteriorates upon taking damage. [potion of mutation]
 24647 | Lair:1   | Gained mutation: You tend to lose your temper in combat. [potion of mutation]
 24647 | Lair:1   | Gained mutation: You are agile. (Dex +2) [potion of mutation]
 24670 | Lair:1   | Learned a level 3 spell: Regeneration
 24916 | D:13     | Got a blackened hat
 24927 | D:13     | Identified the +2 hat "Plog" {rCorr Str+2} (You found it on level 13 of the Dungeon)
 25170 | D:13     | Noticed Azrael
 25183 | D:13     | Reached skill level 1 in Necromancy
 25240 | D:13     | Killed Azrael
 25320 | D:13     | Found Oqur's Food Shop.
 25626 | D:13     | Reached skill level 1 in Charms
 25923 | D:14     | Found Adoidun's Weapon Emporium.
 26051 | D:14     | Found Jiuren's Assorted Antiques.
 26054 | D:14     | Found Heboimes's Jewellery Shoppe.
 26157 | D:14     | Found Sagasiysch's Assorted Antiques.
 26208 | D:14     | Lost mutation: Your spells are harder to cast, but more powerful. [potion of mutation]
 26208 | D:14     | Lost mutation: You tend to lose your temper in combat. [potion of mutation]
 26208 | D:14     | Lost mutation: You occasionally shout uncontrollably at your foes. [potion of mutation]
 26208 | D:14     | Lost mutation: Your spells are a little harder to cast, but a little more powerful. [potion of mutation]
 26208 | D:14     | Gained mutation: You are very agile. (Dex +4) [potion of mutation]
 26208 | D:14     | Gained mutation: You are weak. (Str -2) [potion of mutation]
 26208 | D:14     | Gained mutation: Your mind is acute. (Int +2) [potion of mutation]
 26358 | D:14     | Found Wygiv's Food Shop.
 26712 | D:14     | Found a gate to the Vaults.
 26834 | D:14     | Gained mutation: You are resistant to hostile enchantments. (MR+) [mutagenic meat]
 26991 | D:15     | Entered Level 15 of the Dungeon
 27064 | D:15     | Found a viscous altar of Jiyva.
 27081 | D:15     | Reached XP level 16. HP: 74/74 MP: 8/34
 27269 | D:15     | Learned a level 5 spell: Iskenderun's Battlesphere
 28437 | D:15     | Got an ancient quarterstaff
 28443 | D:15     | Identified the +8 quarterstaff "Mohuzag" {protect, Int+4} (You found it on level 15 of the Dungeon)
 28543 | D:15     | Found a staircase to the Depths.
 29047 | D:15     | Learned a level 5 spell: Bolt of Draining
 29151 | Spider:1 | Entered Level 1 of the Spider Nest
 29584 | Elf:1    | Entered Level 1 of the Elven Halls
 29966 | Elf:1    | Identified the Compendium of Darkness
 30198 | Elf:1    | Reached skill level 5 in Conjurations
 30335 | Elf:1    | Reached skill level 5 in Staves
 30600 | Elf:1    | Lost mutation: You are weak. (Str -2) [potion of mutation]
 30600 | Elf:1    | Lost mutation: You are very agile. (Dex +4) [potion of mutation]
 30600 | Elf:1    | Lost mutation: You are resistant to hostile enchantments. (MR+) [potion of mutation]
 30600 | Elf:1    | Lost mutation: You are agile. (Dex +2) [potion of mutation]
 30600 | Elf:1    | Lost mutation: Your mind is acute. (Int +2) [potion of mutation]
 30600 | Elf:1    | Gained mutation: You are resistant to electric shocks. (rElec) [potion of mutation]
 30600 | Elf:1    | Gained mutation: You are robust. (+10% HP) [potion of mutation]
 30600 | Elf:1    | Gained mutation: You expend magic power (3 MP) to strengthen your wands. [potion of mutation]
 30600 | Elf:1    | Gained mutation: You have an increased reservoir of magic. (+10% MP) [potion of mutation]
 31077 | Elf:1    | Upgraded the game from 0.20-a0-754-g13ddd6e to 0.20-a0-785-g17250f0
 31084 | Elf:1    | Reached skill level 1 in Transmutations
 31659 | Elf:2    | Identified a scroll of acquirement
 31660 | Elf:2    | Got a dazzling buckler
 31666 | Elf:2    | Identified the +3 buckler "Cuzxool" {rF- rC+ Str+3 Dex+4} (You acquired it on level 2 of the Elven Halls)
 31728 | Elf:2    | Found a runed gate.
 31728 | Elf:2    | Found a runed gate.
 31728 | Elf:2    | Found a runed gate.
 31962 | Elf:2    | Learned a level 2 spell: Blink
 31969 | Elf:2    | Reached XP level 17. HP: 84/84 MP: 36/39
 32015 | Elf:2    | Reached skill level 5 in Dodging
 32550 | Elf:2    | Noticed a deep elf blademaster
 32673 | Elf:1    | Reached skill level 5 in Charms
 34402 | Spider:2 | Noticed Frances
 34406 | Spider:2 | Killed Frances
 34430 | Spider:2 | Reached skill level 19 in Stealth
 34443 | Spider:2 | Noticed Arachne
 34649 | Spider:2 | Killed Arachne
 35445 | Spider:2 | Got a slimy spear
 35446 | Spider:2 | Identified the +9 spear "Jellybane" {vamp, Int+7} (You found it on level 2 of the Spider Nest)
 35603 | Spider:2 | Got a jacinth-encrusted leather armour
 35614 | Spider:2 | Identified the cursed +0 leather armour "Seuxy" {rN+} (You found it on level 2 of the Spider Nest)
 36051 | Spider:3 | Learned a level 2 spell: Shroud of Golubria
 36316 | Spider:3 | Reached XP level 18. HP: 55/90 MP: 2/41
 37195 | Spider:4 | Entered Level 4 of the Spider Nest
 37593 | Spider:4 | Lost mutation: You expend magic power (3 MP) to strengthen your wands. [potion of mutation]
 37593 | Spider:4 | Lost mutation: You are resistant to electric shocks. (rElec) [potion of mutation]
 37593 | Spider:4 | Lost mutation: You are robust. (+10% HP) [potion of mutation]
 37593 | Spider:4 | Lost mutation: You have sharp fingernails. [potion of mutation]
 37593 | Spider:4 | Lost mutation: You have an increased reservoir of magic. (+10% MP) [potion of mutation]
 37593 | Spider:4 | Gained mutation: You can translocate small distances at will. [potion of mutation]
 37593 | Spider:4 | Gained mutation: You are weak. (Str -2) [potion of mutation]
 37593 | Spider:4 | Gained mutation: You are agile. (Dex +2) [potion of mutation]
 39113 | Spider:4 | Got a gossamer rune of Zot
 39482 | Vaults:1 | Entered Level 1 of the Vaults
 39538 | Vaults:1 | Gained mutation: You are partially covered in thin metallic scales. (AC +2) [mutagenic meat]
 39539 | Vaults:1 | Gained mutation: You are very agile. (Dex +4) [mutagenic meat]
 39540 | Vaults:1 | Gained mutation: You are somewhat resistant to further mutation. [mutagenic meat]
 39551 | Vaults:1 | Noticed Saint Roka
 39821 | Vaults:1 | Killed Saint Roka
 39821 | Vaults:1 | Reached skill level 5 in Necromancy
 40188 | Vaults:1 | Got an ichor-stained demon whip
 40370 | Vaults:1 | Reached XP level 19. HP: 86/86 MP: 38/38
 40372 | Vaults:1 | Identified the +5 demon whip of the Tired Deaths {drain, MP+9 Dex+7} (You found it on level 1 of the Vaults)
 41000 | Vaults:1 | Shot with a bolt by a yaktaur captain

Vault maps used:
D:1:      dpeg_arrival_ratfight
D:2:      evilmike_ruin_ashenzari, okawaru_gym_becter,
          nicolae_dithmenos_shadow_blocks, minmay_misc_feat_rugged,
          serial_bayou_pond_e, uniq_jessica
D:3:      grunt_qazlal_clouds, chequers_ecumenical_altar_lobes
D:4:      first_bread, minmay_strange_pillars, uniq_sigmund
D:5:      kennysheep_slugbush, nemelex_altar_shiori
D:6:      good_gods_mini_temple, tgw_fedhas, trog_wizard
D:7:      lemuel_doored_altar, lemuel_crystal_altar, temple_statues,
          basic_altar, grunt_livestock
D:8:      marbit_many_paths
D:9:      nicolae_overflow_crystal_walls, erik_orc_1
D:10:     grunt_lair_entry_orc_guard_hut, serial_shops,
          nicolae_shop_temple_entry_statues_fountains,
          kennysheep_generic_room_15, uniq_harold, uniq_grum, uniq_erica
D:11:     uniq_fannar, uniq_maurice
D:13:     serial_shops, kennysheep_mini_moat, uniq_azrael
D:14:     grunt_vaults_entry_tiered, serial_shops, kennysheep_mini,
          nicolae_shop_overgrown_old_shop, shop, nicolae_shop_waterfront, shop,
          minmay_tree_intersection
D:15:     grunt_enter_depths_snipers, minmay_misc_feat_more_columns,
          jiyva_altar_1
Temple:   compressed_dpeg_triangle_lava_temple
Lair:1:   grunt_megastairs_4, minmay_lair_oklob_chamber, wad_woods_river_01,
          lemuel_fruit_fields
Lair:2:   spider_nest_entry_rubble
Lair:3:   portal_ice_cave_rime, serial_bayou_pond_c, infiniplex_staircase_pool
Lair:4:   mu_elephants_graveyard, swamp_mist_pool
Lair:5:   nicolae_slime_entry_slimehenge, infiniplex_staircase_pool_2
Lair:6:   minmay_lair_end_frog_pond
Spider:2: nicolae_spider_mines_3, spider_trap, uniq_arachne, uniq_frances
Spider:4: spider_rune_water
Orc:1:    uniq_erolcha
Orc:2:    st_orc_elflike, serial_shops, shop
Elf:1:    elf_arrival_001, minmay_elf_necromancy
Vaults:1: v_misc_15, v_pattern_5, ontoclasm_vaults_loading_screen,
          grunt_vaults_hallway_long, vaults_room_grunt_arrival_ludios,
          vaults_room_pools, uniq_saint_roka

Skill      XL: |  1  2  3  4  5  6  7  8  9 10 11 12 13 14 15 16 17 18 19 |
---------------+----------------------------------------------------------+-----
Short Blades   | 1 2 3 5 6 7 |  7.8
Ice Magic      | 1 2 3 4 5 6 7 8 |  8.9
Stealth        | 4 5 6 7 9 10 12 15 16 17 18 19 | 19.9
Spellcasting   | 3 4 5 6 8 9 10 11 12 13 14 | 14.9
Hexes          | 4 6 7 8 9 10 11 12 13 14 | 14.0
Fighting       | 1 2 3 4 |  4.5
Dodging        | 2 3 4 5 |  5.6
Conjurations   | 1 2 3 6 7 8 9 |  9.2
Maces & Flails | 1 2 |  2.1
Armour         | 1 |  1.0
Staves         | 3 5 7 8 |  8.2
Evocations     | 3 |  3.8
Shields        | 3 4 |  4.6
Necromancy     | 1 2 5 |  5.2
Charms         | 1 4 6 7 |  7.5
Transmutations | 1 |  1.2
Translocations | |  0.2
Invocations    | |  0.6

Action                   |  1- 3 |  4- 6 |  7- 9 | 10-12 | 13-15 | 16-18 | 19-21 || total
-------------------------+-------+-------+-------+-------+-------+-------+-------++-------
Melee: Dagger            |    76 |    60 |   274 |   432 |   653 |   356 |       ||  1851
       Bite              |    13 |    22 |    91 |   173 |   391 |   218 |    45 ||   953
       Rapier            |       |    58 |    21 |       |       |       |       ||    79
       Flail             |       |       |       |    34 |       |       |       ||    34
       Long sword        |       |       |       |       |    10 |       |       ||    10
       Staff             |       |       |       |       |   466 |   220 |       ||   686
       Quarterstaff      |       |       |       |       |       |    30 |       ||    30
       Demon whip        |       |       |       |       |       |       |    56 ||    56
 Cast: Corona            |     9 |       |       |       |       |       |       ||     9
       Ensorcelled Hiber |    18 |    45 |    62 |   104 |   180 |   105 |       ||   514
       Confuse           |       |     6 |    25 |    35 |   169 |    75 |     7 ||   317
       Tukima's Dance    |       |     2 |    17 |    20 |   105 |    62 |     9 ||   215
       Dazzling Spray    |       |       |     6 |    20 |   260 |   349 |    19 ||   654
       Metabolic Englaci |       |       |       |     4 |    28 |     2 |       ||    34
       Regeneration      |       |       |       |       |     1 |    13 |     2 ||    16
       Iskenderun's Batt |       |       |       |       |       |    68 |     5 ||    73
       Yara's Violent Un |       |       |       |       |       |    14 |     1 ||    15
       Shroud of Golubri |       |       |       |       |       |     5 |     2 ||     7
       Bolt of Draining  |       |       |       |       |       |    12 |     2 ||    14
       Blink             |       |       |       |       |       |     2 |       ||     2
Invok: Shadow Step       |       |       |       |     1 |     2 |    11 |     1 ||    15
 Abil: Evoke Berserk Rag |       |       |       |       |     1 |       |       ||     1
       Blink             |       |       |       |       |       |     1 |       ||     1
Evoke: Wand              |       |       |       |       |     1 |     7 |       ||     8
  Use: Scroll            |       |     1 |       |    23 |    12 |    25 |     2 ||    63
       Potion            |       |       |       |     9 |     6 |     8 |       ||    23
 Stab: Sleeping          |    14 |    35 |    44 |   112 |   160 |   153 |     3 ||   521
       Confused          |       |     2 |     9 |    21 |   113 |    38 |       ||   183
       Invisible         |       |       |     3 |     5 |    34 |    38 |       ||    80
       Distracted        |       |       |       |     1 |     2 |     2 |     1 ||     6
  Eat: Chunk             |     3 |     9 |    16 |    20 |    51 |    39 |     2 ||   140
       Royal jelly       |       |       |       |       |     4 |     6 |       ||    10
       Fruit             |       |       |       |       |     1 |     3 |       ||     4
       Meat ration       |       |       |       |       |       |     1 |       ||     1
Armor: Robe              |    20 |    13 |    23 |    33 |   219 |   146 |     3 ||   457
       Leather armour    |       |       |       |    29 |       |       |       ||    29
       Troll leather arm |       |       |       |       |     2 |       |       ||     2
       Skin              |       |       |       |       |       |    10 |       ||    10
Dodge: Dodged            |    39 |    72 |   114 |   163 |   640 |   493 |    37 ||  1558
Block: Buckler           |       |       |       |       |   145 |   233 |    30 ||   408
